 Dungeon Crawl Stone Soup version 0.29-a0-25-g7f48f510a0 (webtiles) character file.

Game seed: 8884737682709750222

46862 lunkers the Destroyer (level 13, -20/110 HPs)
             Began as a Demigod Earth Elementalist on Feb 1, 2022.
             Killed from afar by an ogre mage (35 damage)
             ... with a bolt of magma
             ... in a volcano.
             The game lasted 00:35:41 (19169 turns).

lunkers the Destroyer (Demigod Earth Elementalist) Turns: 19169, Time: 00:35:42

Health: -20/110    AC: 11    Str:  9    XL:     13   Next: 69%
Magic:  18/40      EV: 11    Int: 33    God:
Gold:   1043       SH:  6    Dex: 14    Spells: 21/31 levels left

rFire   . . .      SeeInvis .   a - +0 short sword (elec)
rCold   . . .      Faith    .   d - +1 buckler
rNeg    . . .      Spirit   .   Q - +0 troll leather armour
rPois   .          Reflect  .   r - +0 helmet
rElec   .          Harm     .   (no cloak)
rCorr   .          Rampage  .   A - +0 pair of gloves
Will    +....                   y - +0 pair of boots
Stlth   ++........              O - amulet of magic regeneration
HPRegen 1.08/turn               F - +4 ring of protection
MPRegen 0.67/turn               E - ring of magical power

@: no status effects
A: high MP 1, forlorn, divine attributes
a: no special abilities


You were in a volcano.
You visited 2 branches of the dungeon, and saw 16 of its levels.
You also visited: Ice Cave and Volcano.

You collected 1043 gold pieces.

Inventory:

Hand Weapons
 a - a +0 short sword of electrocution (weapon)
 m - a +2 vorpal mace
Missiles
 c - 246 stones
 T - 3 throwing nets
Armour
 d - a +1 buckler (worn)
 e - +0 steam dragon scales
 j - the +2 leather armour of Surprise {rC+ rN++ Dex-5}
   (You found it on level 2 of the Dungeon)

   Dex:       It affects your dexterity (-5).
   rC:        It protects you from cold.
   rN:        It greatly protects you from negative energy.
 r - a +0 helmet (worn)
 v - the +1 ring mail of Daisies {Str-2 Int+5}
   (You found it on level 6 of the Dungeon)

   Str:       It affects your strength (-2).
   Int:       It affects your intelligence (+5).
 y - a +0 pair of boots (worn)
 A - a +0 pair of gloves (worn)
 I - a +0 kite shield
 Q - a +0 troll leather armour (worn)
Jewellery
 g - a ring of see invisible
 h - a ring of ice
 w - a ring of protection from cold
 E - a ring of magical power (right hand)
 F - a +4 ring of protection (left hand)
 J - an amulet of guardian spirit
 K - a ring of wizardry
 M - a ring of willpower
 O - an amulet of magic regeneration (around neck)
 U - a ring of protection from fire
Wands
 o - a wand of flame (52)
 s - a wand of charming (1)
 B - a wand of paralysis (15)
 C - a wand of mindburst (15)
 P - a wand of digging (6)
Scrolls
 n - 2 scrolls of blinking
 p - 2 scrolls of enchant weapon
 q - 2 scrolls of teleportation
 R - 2 scrolls of fog
Potions
 b - 5 potions of mutation
 f - a potion of invisibility
 i - a potion of attraction
 k - 2 potions of brilliance
 l - a potion of berserk rage
 t - 2 potions of ambrosia
 u - a potion of heal wounds
 x - 5 potions of flight
 z - 2 potions of haste
 D - 3 potions of cancellation
 G - a potion of might
 H - 3 potions of curing
 L - a potion of magic {unknown}
 S - 2 potions of resistance
Miscellaneous
 N - a phial of floods


   Skills:
 + Level 8.8 Fighting
 - Level 1.7 Dodging
 - Level 1.7 Stealth
 - Level 4.0 Shields
 + Level 9.8 Spellcasting
 * Level 14.4 Conjurations
 - Level 0.8 Transmutations
 + Level 11.0 Earth Magic


You had 21 spell levels left.
You knew the following spells:

 Your Spells              Type           Power      Damage    Failure   Level
a - Stone Arrow           Conj/Erth      100%       3d13      1%          3
b - Passwall              Tmut/Erth      44%        N/A       1%          2
c - Sandblast             Erth           100%       2d20      1%          1
d - Petrify               Tmut/Erth      53%        N/A       4%          4

Your spell library contained the following spells:

 Spells                   Type           Power      Damage    Failure   Level
 Sting                    Tmut/Pois      76%        1d6       4%          1
 Animate Skeleton         Necr           32%        N/A       5%          1
 Apportation              Tloc           32%        N/A       5%          1
 Summon Small Mammal      Summ           64%        N/A       5%          1
 Blink                    Tloc           32%        N/A       9%          2
 Corpse Rot               Necr/Air       32%        N/A       9%          2
 Poisonous Vapours        Pois/Air       32%        N/A       9%          2
 Lesser Beckoning         Tloc           16%        N/A       16%         3
 Ozocubu's Armour         Ice            16%        N/A       16%         3
 Dispel Undead            Necr           16%        3d10      47%         4
 Olgreb's Toxic Radiance  Pois           16%        N/A       47%         4
 Manifold Assault         Tloc           16%        N/A       83%         5
 Death Channel            Necr           8%         N/A       100%        6
 Ozocubu's Refrigeration  Ice            8%         4d6       100%        7


Dungeon Overview and Level Annotations

Branches:
Dungeon (11/15)            Temple (0/1) D:6            Lair (6/6) D:10
  Snake (0/4) Lair:3        Slime (0/5) Lair:5        IceCv (visited)
Volcano (1/1)
  Swamp: Lair:2-4    Shoals: Lair:2-4       Orc: D:9-12

Shops:
D:1 (

Annotations:
D:10 exclusions: ice statue and orange crystal statue
Lair:2 3 runed translucent doors, robertstho's ghost, journeyman DjFE Volcano exclusion: obsidian statue


Innate Abilities, Weirdness & Mutations

You have an increased reservoir of magic. (+10% MP)
You shall have no god before yourself.
Your divine heritage dramatically boosts your attributes as you level up.


Message History

The stone arrow hits the two-headed ogre!!
You kill the two-headed ogre!
The soul eater draws from the surrounding life force!
* * * LOW HITPOINT WARNING * * *
Casting: Stone Arrow (safe; 1% risk of failure)
Confirm with . or Enter, or press ? or * to list all spells.
Aiming: Stone Arrow (safe; 1% risk of failure)
Press: ? - help, Shift-Dir - straight line, f - soul eater
Aim: a soul eater (lava, summoned, 78% to hit)
The stone arrow hits something!!
The soul eater draws from the surrounding life force!
* * * LOW HITPOINT WARNING * * *
Unknown command.
Unknown command.
Casting: Stone Arrow (safe; 1% risk of failure)
Confirm with . or Enter, or press ? or * to list all spells.
Aiming: Stone Arrow (safe; 1% risk of failure)
Press: ? - help, Shift-Dir - straight line, f/p - soul eater
Aim: a soul eater (lava, summoned, 78% to hit)
The stone arrow hits something!!
Unknown command.
Unknown command.
Unknown command.
Casting: Stone Arrow (safe; 1% risk of failure)
Confirm with . or Enter, or press ? or * to list all spells.
Aiming: Stone Arrow (safe; 1% risk of failure)
Press: ? - help, Shift-Dir - straight line, f/p - soul eater
Aim: a soul eater (summoned, 78% to hit)
The stone arrow hits the soul eater!!
The soul eater is moderately wounded.
Something hits you but does no damage.
The soul eater draws from the surrounding life force!
* * * LOW HITPOINT WARNING * * *
The soul eater is healed.
Unknown command.
Unknown command.
You hear some strange, mumbled words.
A bolt of magma appears from out of thin air!
The bolt of magma hits you!!
You die...

###########
#°#≈#≈#≈#§#
#°#≈#≈#≈#§#
#≈#≈#≈#3#§###
#....).{.§#8#
#)#≈#≈#≈#≈#@.#
#.#≈#≈#☼#≈##.#
OO#≈#≈#☼#≈##.#
38##########..#
### #........##
#### #'########
##..# #.#
#...## ##.##
.....###8.8#


You could see a soul eater (summoned).

Vanquished Creatures
  A boulder beetle (D:11)
  7 hydras
  Erolcha (D:11)
  A merfolk avatar (Lair:6)
  4 two-headed ogres
  2 death yaks
  A sea snake (Lair:6)
  A harpy (Lair:6)
  A manticore (Lair:6)
  A cyclops (D:6)
  31 elephants
  2 torpor snails
  A black mamba (Lair:1)
  8 cane toads
  6 komodo dragons
  2 rime drakes (Lair:6)
  4 polar bears (Lair:6)
  3 trolls
  2 snapping turtles (Lair:6)
  2 hornets
  9 blink frogs
  Prince Ribbit (D:9)
  3 wyverns
  47 yaks
  A wraith (D:9)
  2 basilisks
  5 fire bats (Volcano)
  A death yak simulacrum (IceCv)
  5 steam dragons
  A naga (Lair:3)
  A harpy simulacrum (IceCv)
  8 water moccasins
  2 hell hounds (Lair:5)
  5 orc warriors
  2 ice beasts
  A sky beast (D:7)
  A necrophage (D:5)
  2 black bears
  5 wolves
  3 ogres
  3 centaurs
  3 phantoms
  A kobold brigand (D:10)
  A gnoll sergeant (D:9)
  2 bullfrogs
  A scorpion (D:5)
  A water moccasin zombie (D:6)
  A wyvern skeleton (D:7)
  A water moccasin skeleton (D:6)
  4 killer bees (D:10)
  10 wights
  3 howler monkeys
  4 electric eels
  A bullfrog zombie (D:6)
  3 centaur zombies
  7 lava snakes (Volcano)
  A centaur skeleton (D:7)
  9 jellies (Lair:5)
  9 orc priests
  A gnoll shaman (D:5)
  11 hounds
  A bullfrog skeleton (D:7)
  5 iguanas
  12 orc wizards
  2 howler monkey zombies
  A howler monkey skeleton (D:5)
  5 adders
  4 gnolls (D:5)
  A shadow imp (D:5)
  An ufetubus (D:5)
  A worm (D:3)
  31 orcs
  8 bats
  4 endoplasms
  3 giant cockroaches
  3 goblins
  4 hobgoblins
  6 jackals
  3 quokkas
  5 ball pythons
  2 frilled lizards (D:3)
  5 kobolds
  2 rats
372 creatures vanquished.

Vanquished Creatures (others)
  An orc wizard (D:4)
  34 fungi
  66 plants
101 creatures vanquished.

Grand Total: 473 creatures vanquished

Notes
Turn   | Place    | Note
-------+----------+-------------------------------------------
     0 | D:1      | lunkers the Demigod Earth Elementalist began the quest for
                  | the Orb.
     0 | D:1      | Reached XP level 1. HP: 14/14 MP: 5/5
   101 | D:1      | Found Miosk's Weapon Shoppe.
   489 | D:1      | Reached XP level 2. HP: 20/20 MP: 5/7
   763 | D:2      | Identified the +2 leather armour of Surprise {rC+ rN++
                  | Dex-5}
  1425 | D:3      | Reached XP level 3. HP: 26/26 MP: 7/9
  1590 | D:3      | Learned a level 2 spell: Passwall
  1594 | D:3      | Learned a level 3 spell: Stone Arrow
  2017 | D:3      | Reached skill level 1 in Conjurations
  2260 | D:4      | Reached XP level 4. HP: 33/33 MP: 5/10
  2445 | D:4      | Reached skill level 2 in Conjurations
  2456 | D:4      | Reached XP level 5. HP: 25/38 MP: 2/12
  3420 | D:5      | Entered Level 5 of the Dungeon
  3435 | D:5      | Reached skill level 3 in Conjurations
  3488 | D:5      | Reached XP level 6. HP: 45/45 MP: 0/14
  3882 | D:5      | Reached skill level 4 in Conjurations
  4225 | D:5      | Reached XP level 7. HP: 50/50 MP: 5/15
  4303 | D:5      | Reached skill level 5 in Earth Magic
  4441 | D:5      | Noticed a steam dragon
  4446 | D:5      | Killed a steam dragon
  4447 | D:5      | Reached skill level 5 in Conjurations
  4830 | D:5      | Reached XP level 8. HP: 52/57 MP: 10/18
  5196 | D:6      | Noticed a cyclops
  5200 | D:6      | Killed a cyclops
  5201 | D:6      | Reached skill level 6 in Conjurations
  5539 | D:6      | Reached skill level 5 in Spellcasting
  5542 | D:6      | Identified the +1 ring mail of Daisies {Str-2 Int+5}
  5689 | D:6      | Reached skill level 7 in Conjurations
  5806 | D:6      | Found a staircase to the Ecumenical Temple.
  6366 | D:7      | Reached XP level 9. HP: 62/62 MP: 7/20
  6810 | D:7      | Reached skill level 1 in Fighting
  6813 | D:7      | Reached skill level 1 in Shields
  6929 | D:7      | Reached skill level 8 in Conjurations
  7361 | D:8      | Noticed a two-headed ogre
  7366 | D:8      | Killed a two-headed ogre
  7891 | D:8      | Reached skill level 9 in Conjurations
  7891 | D:8      | Reached XP level 10. HP: 69/75 MP: 5/23
  8414 | D:8      | Noticed a +0 hand axe
  8414 | D:8      | Noticed a +4 dagger
  8670 | D:9      | Noticed Prince Ribbit
  8673 | D:9      | Killed Prince Ribbit
  9119 | D:9      | Learned a level 4 spell: Petrify
  9521 | D:9      | Noticed a two-headed ogre
  9523 | D:9      | Killed a two-headed ogre
  9686 | D:10     | Entered Level 10 of the Dungeon
 10248 | D:10     | Noticed an orange crystal statue
 10258 | D:10     | Reached skill level 10 in Conjurations
 10375 | D:10     | Found a staircase to the Lair.
 10718 | D:10     | Noticed an ice statue
 10796 | D:10     | Reached XP level 11. HP: 83/85 MP: 19/25
 11083 | D:11     | Noticed a boulder beetle
 11238 | D:11     | HP: 4/85 [boulder beetle (14)]
 11253 | D:11     | Killed a boulder beetle
 11925 | D:11     | Reached skill level 5 in Fighting
 12072 | D:11     | Noticed Erolcha
 12086 | D:11     | Killed Erolcha
 12242 | D:11     | Reached skill level 11 in Conjurations
 12812 | Lair:1   | Entered Level 1 of the Lair of Beasts
 13668 | Lair:1   | Noticed a seven-headed hydra
 13674 | Lair:1   | Killed a seven-headed hydra
 13675 | Lair:1   | Noticed a four-headed hydra
 13675 | Lair:1   | Noticed a four-headed hydra
 13686 | Lair:1   | Killed a four-headed hydra
 13757 | D:10     | Killed a four-headed hydra
 13957 | Lair:1   | Reached XP level 12. HP: 97/97 MP: 12/28
 14124 | Lair:1   | Reached skill level 12 in Conjurations
 14742 | Lair:2   | Found a runed translucent gate.
 14743 | Lair:2   | Found a runed translucent gate.
 14744 | Lair:2   | Found a runed translucent gate.
 14745 | Lair:2   | Noticed robertstho's ghost (journeyman DjFE)
 14746 | Lair:2   | Noticed a nine-headed hydra
 14746 | Lair:2   | Noticed an 11-headed hydra
 14970 | Lair:2   | Noticed a five-headed hydra
 14975 | Lair:2   | Killed a five-headed hydra
 15950 | Lair:3   | Noticed a five-headed hydra
 15961 | Lair:3   | Killed a five-headed hydra
 16000 | Lair:3   | Noticed a five-headed hydra
 16225 | Lair:3   | Noticed a six-headed hydra
 16231 | Lair:3   | Killed a six-headed hydra
 16321 | Lair:3   | Found a staircase to the Snake Pit.
 16520 | Lair:3   | Killed a five-headed hydra
 16521 | Lair:3   | Reached skill level 10 in Earth Magic
 16642 | Lair:3   | You fall into a shaft and drop 3 floors!
 16642 | Lair:6   | Entered Level 6 of the Lair of Beasts
 16679 | Lair:6   | Found a frozen archway.
 16748 | Lair:6   | Reached skill level 13 in Conjurations
 16872 | IceCv    | Entered an ice cave
 16885 | Lair:6   | HP: 1/100 [rime drake/flash freeze (17)]
 17447 | Lair:6   | Reached XP level 13. HP: 107/107 MP: 30/30
 18309 | Lair:6   | Reached skill level 14 in Conjurations
 18809 | Lair:5   | Found a staircase to the Slime Pits.
 18890 | Lair:5   | Found a dark tunnel.
 18908 | Volcano  | Entered a volcano
 19169 | Volcano  | Killed from afar by an ogre mage

Illustrated notes

Levels and vault maps discovered:
D:1:      minmay_arrival_loop, layout_loops_ring, serial_shops, shop
D:2:      layout_loops_ring, dreamdust_ecumenical_altar_grove, basic_altar,
          minmay_tromino_v4_b
D:3:      layout_basic, overflow_temple_1_default
D:4:      layout_loops_corners, mainiacjoe_overflow_boulevard,
          minmay_misc_feat_roman
D:5:      black_bear_nest_2, layout_basic, kennysheep_mini,
          small_statue_intersection
D:6:      layout_basic, yredelemnul_altar_generic,
          minmay_temple_entry_stoned_glass
D:7:      layout_rooms, mainiacjoe_overflow_24_doors
D:8:      layout_basic, dancing_weapons_uskayaw, lightli_temple_of_fire
D:9:      layout_roguey, mainiacjoe_overflow_alcove_1, hangedman_feature_mirror,
          amcnicky_mini_corridor_feature, uniq_prince_ribbit1
D:10:     minmay_separated_statues, layout_rooms, erik_lair_island
D:11:     layout_basic, uniq_erolcha
Lair:1:   beast_lair_carwin_large_3, layout_regular_city
Lair:2:   layout_gridlike, gammafunk_ghost_hydra_chop, serial_bayou_shore_b,
          grunt_megastairs_4
Lair:3:   layout_cave_shapes, guppyfry_snake_entry_island,
          nicolae_lair_lakeside_cave
Lair:5:   layout_cave_pods, minmay_slime_entry_jelly_boxes, enter_volcano_3,
          special_room [special_room_mythical_zoo], st_stairs_11
Lair:6:   gammafunk_lair_ancient_temple, layout_regular_city,
          portal_ice_cave_entry_pillars_1
Volcano:  volcano_grotto [vgs_trial_by_fire]

Skill      XL: |  1  2  3  4  5  6  7  8  9 10 11 12 13 |
---------------+----------------------------------------+-----
Earth Magic    | 3 4 5 6 7 8 9 10 11 | 11.0
Spellcasting   | 2 3 4 5 6 7 8 9 |  9.8
Conjurations   | 1 2 3 4 5 7 9 10 11 13 14 | 14.4
Fighting       | 2 4 6 7 8 |  8.8
Shields        | 2 4 |  4.0
Dodging        | |  1.7
Stealth        | |  1.7
Transmutations | |  0.8

Action                   |  1- 3 |  4- 6 |  7- 9 | 10-12 | 13-15 || total
-------------------------+-------+-------+-------+-------+-------++-------
Melee: Mace              |       |    29 |    20 |       |       ||    49
       Short sword       |       |       |       |    81 |    13 ||    94
 Cast: Sandblast         |    60 |    20 |    10 |    72 |     6 ||   168
       Stone Arrow       |       |    31 |   104 |   396 |   199 ||   730
       Passwall          |       |       |       |       |     1 ||     1
Evoke: Wand              |       |       |     1 |     7 |       ||     8
  Use: Scroll            |     3 |     7 |     8 |    12 |     2 ||    32
       Potion            |       |       |       |     1 |       ||     1
Armor: Robe              |     3 |       |       |       |       ||     3
       Leather armour    |     6 |    28 |     2 |       |       ||    36
       Ring mail         |       |       |    17 |    41 |       ||    58
       Troll leather arm |       |       |       |    95 |    52 ||   147
Dodge: Dodged            |     4 |    36 |    18 |   175 |    59 ||   292
Block: Buckler           |       |       |    10 |    91 |    39 ||   140

Table legend: (Time is in decaauts)
 A = Elapsed time spent in this place.
 B = Non-inter-level travel time spent in this place.
 C = Inter-level travel time spent in this place.
 D = Time resting spent in this place.
 E = Time spent auto-exploring this place.
 F = Levels seen in this place.
 G = Mean time per level.
                   A        B        C        D        E       F      G
               +--------+--------+--------+--------+--------+-----+--------+
         Total |  19264 |  18900 |    364 |   2320 |  13611 |  18 | 1070.2 |
       Dungeon |  12990 |  12682 |    308 |   1250 |   9951 |  11 | 1180.9 |
          Lair |   6001 |   5945 |     56 |   1070 |   3465 |   5 | 1200.2 |
      Ice Cave |     12 |     12 |      0 |      0 |      0 |   1 |   12.0 |
       Volcano |    260 |    260 |      0 |      0 |    195 |   1 |  260.0 |
               +--------+--------+--------+--------+--------+-----+--------+

Top non-repeatable levels by time:
  Lair:6: 1994 daAuts
  Lair:1: 1643 daAuts
    D:11: 1623 daAuts
     D:5: 1571 daAuts
    D:10: 1517 daAuts
     D:4: 1379 daAuts
  Lair:2: 1289 daAuts
     D:7: 1284 daAuts
     D:9: 1209 daAuts
     D:6: 1162 daAuts
     D:8: 1017 daAuts
     D:3: 840 daAuts
  Lair:3: 756 daAuts
     D:1: 756 daAuts
     D:2: 627 daAuts
